AoeStats
← die trying

Arabian Desert

508946457Analyzed
1v1 RM · 7d ago on Sep 24, 2026· 42m 24s· 2 players
Game mode
Random Map
Map size
Tiny (2 player)
Population
200
Speed
Normal
Resources
Standard
Victory
Conquest
Starting age
Dark Age
Ending age
Imperial Age
RankedLock teamsTeams togetherTeam positionsShared explorationLock speedFull tech treeHidden civsTurbo modeCheats
Victory
Defeat
🇩🇪 Huns · Germany
2014
+14
🇨🇱 Mongols · Chile
1965
-14
die trying
5:21 Loom
8:23 Feudal Age
8:27 Man-at-Arms
11:02 Double-Bit Axe
13:08 Fletching
16:44 Horse Collar
17:46 Town Watch
21:07 Castle Age
20:05 Padded Archer Armor
21:30 Bloodlines
21:45 Bodkin Arrow
22:25 Gold Mining
22:48 Bow Saw
25:40 Leather Archer Armor
31:23 Scale Barding Armor
32:01 Husbandry
32:13 Forging
33:20 Chain Barding Armor
34:05 Heavy Plow
37:56 Gold Shaft Mining
38:18 Ballistics
41:27 Imperial Age
38:37 Light Cavalry
39:53 Stone Mining
nC_Future
6:08 Loom
8:47 Feudal Age
11:47 Double-Bit Axe
14:33 Fletching
22:10 Castle Age
20:47 Padded Archer Armor
21:24 Horse Collar
22:13 Elite Skirmisher
22:48 Bodkin Arrow
23:19 Bow Saw
24:51 Leather Archer Armor
29:47 Heavy Plow
30:13 Town Watch
31:27 Wheelbarrow
32:30 Ballistics
40:39 Imperial Age
38:16 Marauders
38:22 Scale Barding Armor
40:39 Chain Barding Armor
40:30 Forging
41:02 Hand Cart
41:08 Bloodlines
40:58 Husbandry
41:33 Bracer
42:36 Chemistry
41:45 Elite Tarkan
Connection lost

Rejoining the realm…

Still unreachable

The connection could not be restored.

Session expired

The server has moved on; the page needs a fresh start.